DTBL
VIRGINIA KINGS @ TEXAS JACKALOPE
08/27/2020
 
TOP OF THE 1ST
Virginia Kings batting - Pitching for Texas Jackalope : RHP Gerrit Cole
Pitching: RHP Gerrit Cole
Batting: LHB Kolten Wong 0-0: Ball
1-0: Called Strike
1-1: Bunt for hit to 25 - play at first, batter safe!
Batting: RHB Marcus Semien 0-0: Ball
1-0: Called Strike
1-1: Ball
2-1: Ball
Kolten Wong steals 2nd base
3-1: 2-RUN HOME RUN (Line Drive, 7D, EV 101.9 MPH), Distance : 427 ft
Batting: RHB Mookie Betts 0-0: Foul Ball, location: 2F
0-1: Swinging Strike
0-2: Ball
1-2: Ball
2-2: Strikes out looking
Batting: LHB Matt Olson 0-0: Called Strike
0-1: Ball
1-1: DOUBLE (Line Drive, 89D, EV 105.0 MPH)
Batting: RHB Carlos Correa 0-0: Ball
1-0: Ball
2-0: Called Strike
2-1: Foul Ball, location: 2F
2-2: Foul Ball, location: 2F
2-2: Strikes out looking
Batting: LHB Mike Moustakas 0-0: Ball
1-0: Called Strike
1-1: Fly out, F8 (Flyball, 8LD, EV 78.8 MPH)
Top of the 1st over - 2 runs, 3 hits, 0 errors, 1 left on base; Virginia 2 - Texas 0
BOTTOM OF THE 1ST
Texas Jackalope batting - Pitching for Virginia Kings : RHP Max Scherzer
Pitching: RHP Max Scherzer
Batting: RHB Ronald Acuna Jr. 0-0: Ball
1-0: Ball
2-0: Ball
3-0: Called Strike
3-1: Ground out 5-3 (Groundball, 5L, EV 103.1 MPH)
Batting: RHB Keston Hiura 0-0: Fly out, F2 (Popup, 2LF, EV 91.9 MPH)
Batting: RHB Anthony Rendon 0-0: Swinging Strike
0-1: Foul Ball, location: 2F
0-2: Foul Ball, location: 2F
0-2: Ball
1-2: Ball
2-2: Strikes out swinging
Bottom of the 1st over - 0 runs, 0 hits, 0 errors, 0 left on base; Virginia 2 - Texas 0
TOP OF THE 2ND
Virginia Kings batting - Pitching for Texas Jackalope : RHP Gerrit Cole
Batting: LHB David Dahl 0-0: Ball
1-0: Called Strike
1-1: Ball
2-1: Foul Ball, location: 2F
2-2: Strikes out swinging
Batting: LHB Max Kepler 0-0: Fly out, F1 (Popup, P, EV 75.0 MPH)
Batting: RHB Sean Murphy 0-0: Called Strike
0-1: Swinging Strike
0-2: Strikes out swinging
Top of the 2nd over - 0 runs, 0 hits, 0 errors, 0 left on base; Virginia 2 - Texas 0
BOTTOM OF THE 2ND
Texas Jackalope batting - Pitching for Virginia Kings : RHP Max Scherzer
Batting: RHB Giancarlo Stanton 0-0: Called Strike
0-1: Ground out 6-3 (Groundball, 6, EV 85.6 MPH)
Batting: RHB Mitch Haniger 0-0: Called Strike
0-1: Called Strike
0-2: Ball
1-2: Foul Ball, location: 2F
1-2: SINGLE (Line Drive, 7S, EV 104.4 MPH)
Batting: LHB Didi Gregorius 0-0: Called Strike
0-1: Foul Ball, location: 2F
0-2: Foul Ball, location: 2F
0-2: Ball
1-2: Strikes out looking
Batting: RHB Paul Goldschmidt 0-0: Ball
1-0: Ball
2-0: Ball
3-0: Base on Balls
Mitch Haniger to second
Batting: LHB Daniel Murphy 0-0: Called Strike
0-1: Ball
1-1: Called Strike
1-2: DOUBLE (Line Drive, 7LD, EV 98.8 MPH)
Mitch Haniger scores
Paul Goldschmidt to third
Runner from 3rd tries for Home, SAFE, throw by LF to home
Batting: RHB Travis d'Arnaud 0-0: Called Strike
0-1: Swinging Strike
0-2: SINGLE (Line Drive, 8LS, EV 93.8 MPH)
Daniel Murphy to third
Batting: RHB Ronald Acuna Jr. 0-0: Ball
1-0: Foul Ball, location: 2F
1-1: Foul Ball, location: 2F
1-2: Foul Ball, location: 2F
1-2: Foul Ball, location: 2F
1-2: DOUBLE (Line Drive, 89D, EV 105.6 MPH)
Daniel Murphy scores
Travis d'Arnaud to third
Runner from 3rd tries for Home, SAFE, throw by RF to trailing runner, SAFE at third!
Batting: RHB Keston Hiura 0-0: Ball
1-0: Called Strike
1-1: Foul Ball, location: 2F
1-2: Ball
2-2: Strikes out swinging
Bottom of the 2nd over - 4 runs, 4 hits, 0 errors, 1 left on base; Virginia 2 - Texas 4
TOP OF THE 3RD
Virginia Kings batting - Pitching for Texas Jackalope : RHP Gerrit Cole
Batting: LHB Kolten Wong 0-0: Ball
1-0: Called Strike
1-1: Foul Ball, location: 2F
1-2: Foul Ball, location: 2F
1-2: Strikes out swinging
Batting: RHB Marcus Semien 0-0: Ball
1-0: Ball
2-0: Called Strike
2-1: SINGLE (Line Drive, 78S, EV 108.8 MPH)
Batting: RHB Mookie Betts 0-0: Ball
Passed Ball!
Marcus Semien to second
1-0: Ball
2-0: Foul Ball, location: 2F
2-1: Ball
3-1: Called Strike
3-2: Foul Ball, location: 2F
3-2: Foul Ball, location: 2F
3-2: Ground out 6-3 (Groundball, 6D, EV 105.0 MPH)
Batting: LHB Matt Olson 0-0: Ball
1-0: Foul Ball, location: 2F
1-1: Foul Ball, location: 2F
1-2: Foul Ball, location: 2F
1-2: Ball
2-2: Ball
3-2: Strikes out swinging
Top of the 3rd over - 0 runs, 1 hit, 0 errors, 1 left on base; Virginia 2 - Texas 4
BOTTOM OF THE 3RD
Texas Jackalope batting - Pitching for Virginia Kings : RHP Max Scherzer
Batting: RHB Anthony Rendon 0-0: Ball
1-0: Ball
2-0: Swinging Strike
2-1: Foul Ball, location: 2F
2-2: Ball
3-2: Strikes out swinging
Batting: RHB Giancarlo Stanton 0-0: Called Strike
0-1: Called Strike
0-2: Ball
1-2: SINGLE (Groundball, 56D, EV 101.3 MPH)
Batting: RHB Mitch Haniger 0-0: Ball
1-0: Foul Ball, location: 2F
1-1: Ball
2-1: Fly out, F8 (Line Drive, 8LM, EV 103.1 MPH)
Batting: LHB Didi Gregorius 0-0: Ball
1-0: Foul Ball, location: 2F
1-1: Ball
2-1: Foul Ball, location: 2F
2-2: Foul Ball, location: 2F
2-2: Foul Ball, location: 2F
2-2: Strikes out swinging
Bottom of the 3rd over - 0 runs, 1 hit, 0 errors, 1 left on base; Virginia 2 - Texas 4
TOP OF THE 4TH
Virginia Kings batting - Pitching for Texas Jackalope : RHP Gerrit Cole
Batting: RHB Carlos Correa 0-0: Ball
1-0: Ball
2-0: Foul Ball, location: 2F
2-1: Foul Ball, location: 2F
2-2: Foul Ball, location: 2F
2-2: SINGLE (Flyball, 89S, EV 88.8 MPH)
Batting: LHB Mike Moustakas 0-0: Fly out, F9 (Flyball, 89S, EV 94.4 MPH)
Batting: LHB David Dahl 0-0: Called Strike
0-1: Foul Ball, location: 2F
0-2: Strikes out swinging
Batting: LHB Max Kepler 0-0: Swinging Strike
0-1: Foul Ball, location: 2F
0-2: Ball
1-2: SINGLE (Groundball, 34D, EV 101.9 MPH)
Carlos Correa to second
Runner from 2nd tries for 3rd, SAFE, throw by RF made to third
Batting: RHB Sean Murphy 0-0: Called Strike
0-1: Foul Ball, location: 2F
0-2: Ball
1-2: Strikes out swinging
Top of the 4th over - 0 runs, 2 hits, 0 errors, 2 left on base; Virginia 2 - Texas 4
BOTTOM OF THE 4TH
Texas Jackalope batting - Pitching for Virginia Kings : RHP Max Scherzer
Batting: RHB Paul Goldschmidt 0-0: Called Strike
0-1: Called Strike
0-2: Ball
1-2: Ball
2-2: Fly out, F9 (Flyball, 9, EV 84.4 MPH)
Batting: LHB Daniel Murphy 0-0: Ball
1-0: Ground out 3-1 (Groundball, 34, EV 89.4 MPH)
Batting: RHB Travis d'Arnaud 0-0: Ball
1-0: SINGLE (Groundball, 6MD, EV 110.6 MPH)
Batting: RHB Ronald Acuna Jr. 0-0: Called Strike
0-1: Called Strike
0-2: Ball
1-2: Ball
2-2: Strikes out swinging
Bottom of the 4th over - 0 runs, 1 hit, 0 errors, 1 left on base; Virginia 2 - Texas 4
TOP OF THE 5TH
Virginia Kings batting - Pitching for Texas Jackalope : RHP Gerrit Cole
Batting: LHB Kolten Wong 0-0: Called Strike
0-1: Ball
1-1: Foul Ball, location: 2F
1-2: Ball
2-2: Fly out, F8 (Line Drive, 8LD, EV 83.8 MPH)
Batting: RHB Marcus Semien 0-0: Ground out 6-3 (Groundball, 6, EV 86.9 MPH)
Batting: RHB Mookie Betts 0-0: Called Strike
0-1: Swinging Strike
0-2: Strikes out swinging
Top of the 5th over - 0 runs, 0 hits, 0 errors, 0 left on base; Virginia 2 - Texas 4
BOTTOM OF THE 5TH
Texas Jackalope batting - Pitching for Virginia Kings : RHP Max Scherzer
Batting: RHB Keston Hiura 0-0: Fly out, F7 (Flyball, 78S, EV 95.6 MPH)
Batting: RHB Anthony Rendon 0-0: SINGLE (Groundball, 4MD, EV 98.1 MPH)
Batting: RHB Giancarlo Stanton 0-0: Ball
1-0: Called Strike
1-1: Ball
2-1: Ball
3-1: SINGLE (Flyball, 5D, EV 89.4 MPH)
Anthony Rendon to second
Batting: RHB Mitch Haniger 0-0: Ball
1-0: SINGLE (Line Drive, 7S, EV 100.0 MPH)
Anthony Rendon to third
Giancarlo Stanton to second
Runner from 3rd tries for Home, SAFE, throw by LF to home
Pitching: RHP Frankie Montas
Batting: LHB Didi Gregorius 0-0: Ground out 3-1 (Groundball, 13, EV 81.3 MPH)
Giancarlo Stanton to third
Mitch Haniger to second
Batting: RHB Paul Goldschmidt 0-0: Called Strike
0-1: Foul Ball, location: 2F
0-2: Ball
1-2: SINGLE (Groundball, 6MD, EV 95.6 MPH)
Giancarlo Stanton scores
Mitch Haniger to third
Runner from 3rd tries for Home, SAFE, throw by CF to home
Batting: LHB Daniel Murphy 0-0: Fielders Choice at 2nd, 6-4 (Groundball, 6, EV 89.4 MPH)
Bottom of the 5th over - 3 runs, 4 hits, 0 errors, 1 left on base; Virginia 2 - Texas 7
TOP OF THE 6TH
Virginia Kings batting - Pitching for Texas Jackalope : RHP Gerrit Cole
Batting: LHB Matt Olson 0-0: Foul Ball, location: 2F
0-1: SINGLE (Groundball, 6S, EV 66.9 MPH) (infield hit)
Batting: RHB Carlos Correa 0-0: Called Strike
0-1: Ball
1-1: Called Strike
1-2: Ball
2-2: Strikes out looking
Batting: LHB Mike Moustakas 0-0: Swinging Strike
Passed Ball!
Matt Olson to second
0-1: Ball
1-1: Ball
2-1: Ground out 4-3 (Groundball, 4S, EV 76.9 MPH)
Matt Olson to third
Batting: LHB David Dahl 0-0: Foul Ball, location: 2F
0-1: Foul Ball, location: 2F
0-2: Ball
1-2: Ball
2-2: Foul Ball, location: 2F
2-2: TRIPLE (Line Drive, 78XD, EV 97.5 MPH)
Matt Olson scores
Pitching: LHP Zack Britton
Batting: LHB Max Kepler 0-0: Called Strike
0-1: Ball
1-1: Ball
2-1: Reached on error, E3 (Groundball, 3, EV 85.0 MPH)
David Dahl scores
Batting: RHB Sean Murphy 0-0: Called Strike
0-1: Ball
1-1: Ball
2-1: Fielders Choice at 2nd, 6-4 (Groundball, 6, EV 89.4 MPH)
Top of the 6th over - 2 runs, 2 hits, 1 error, 1 left on base; Virginia 4 - Texas 7
BOTTOM OF THE 6TH
Texas Jackalope batting - Pitching for Virginia Kings : RHP Frankie Montas
Batting: RHB Travis d'Arnaud 0-0: Foul Ball, location: 2F
0-1: Ground out 5-3 (Groundball, 5S, EV 86.9 MPH)
Batting: RHB Ronald Acuna Jr. 0-0: Ball
1-0: Called Strike
1-1: Fly out, F8 (Flyball, 8RXD, EV 87.5 MPH)
Batting: RHB Keston Hiura 0-0: Called Strike
0-1: Ball
1-1: Ball
2-1: Swinging Strike
2-2: Ball
3-2: Strikes out looking
Bottom of the 6th over - 0 runs, 0 hits, 0 errors, 0 left on base; Virginia 4 - Texas 7
TOP OF THE 7TH
Virginia Kings batting - Pitching for Texas Jackalope : LHP Zack Britton
Batting: LHB Kolten Wong 0-0: Foul Ball, location: 2F
0-1: Ground out 4-3 (Groundball, 34, EV 85.6 MPH)
Batting: RHB Marcus Semien 0-0: Called Strike
0-1: Ball
1-1: SINGLE (Groundball, 6MD, EV 103.8 MPH)
Batting: RHB Mookie Betts 0-0: Called Strike
0-1: Called Strike
0-2: Fly out, F6 (Popup, 6, EV 78.1 MPH)
Batting: LHB Matt Olson 0-0: Called Strike
0-1: Ball
1-1: Swinging Strike
1-2: Ball
2-2: Strikes out looking
Top of the 7th over - 0 runs, 1 hit, 0 errors, 1 left on base; Virginia 4 - Texas 7
BOTTOM OF THE 7TH
Texas Jackalope batting - Pitching for Virginia Kings : RHP Frankie Montas
Batting: RHB Anthony Rendon 0-0: Ground out 5-3 (Groundball, 5L, EV 87.5 MPH)
Batting: RHB Giancarlo Stanton 0-0: Ball
1-0: Called Strike
1-1: Swinging Strike
1-2: Strikes out swinging
Pitching: RHP Mychal Givens
Batting: RHB Mitch Haniger 0-0: Ball
1-0: Fly out, F8 (Line Drive, 8LM, EV 98.8 MPH)
Bottom of the 7th over - 0 runs, 0 hits, 0 errors, 0 left on base; Virginia 4 - Texas 7
TOP OF THE 8TH
Virginia Kings batting - Pitching for Texas Jackalope : LHP Zack Britton
Pitching: RHP Ryan Pressly
Batting: RHB Carlos Correa 0-0: Ball
1-0: Ball
2-0: Called Strike
2-1: Fly out, F8 (Flyball, 89M, EV 85.6 MPH)
Batting: LHB Mike Moustakas 0-0: Foul Ball, location: 2F
0-1: Ball
1-1: DOUBLE (Line Drive, 89XD, EV 100.0 MPH)
Batting: LHB David Dahl 0-0: Called Strike
0-1: Ball
1-1: Foul Ball, location: 2F
1-2: Strikes out swinging
Batting: LHB Max Kepler 0-0: Ball
1-0: Ball
Wild Pitch!
Mike Moustakas to third
2-0: Foul Ball, location: 2F
2-1: Swinging Strike
2-2: Foul Ball, location: 2F
2-2: Strikes out looking
Top of the 8th over - 0 runs, 1 hit, 0 errors, 1 left on base; Virginia 4 - Texas 7
BOTTOM OF THE 8TH
Texas Jackalope batting - Pitching for Virginia Kings : RHP Mychal Givens
Batting: LHB Didi Gregorius 0-0: Foul Ball, location: 2F
0-1: Ball
1-1: Ball
2-1: Ball
3-1: Called Strike
3-2: Fly out, F6 (Popup, 6M, EV 50.6 MPH)
Batting: RHB Paul Goldschmidt 0-0: Ball
1-0: Ball
2-0: Called Strike
2-1: Foul Ball, location: 2F
2-2: Ball
3-2: Strikes out swinging
Batting: LHB Daniel Murphy 0-0: Called Strike
0-1: Swinging Strike
0-2: Ball
1-2: Strikes out swinging
Bottom of the 8th over - 0 runs, 0 hits, 0 errors, 0 left on base; Virginia 4 - Texas 7
TOP OF THE 9TH
Virginia Kings batting - Pitching for Texas Jackalope : RHP Ryan Pressly
Pitching: RHP Giovanny Gallegos
Batting: RHB Sean Murphy 0-0: Called Strike
0-1: Swinging Strike
0-2: Ball
1-2: Ball
2-2: SINGLE (Groundball, 13, EV 81.3 MPH) (infield hit)
Batting: LHB Kolten Wong 0-0: Ball
1-0: Swinging Strike
1-1: Ball
2-1: Foul Ball, location: 2F
2-2: Foul Ball, location: 2F
2-2: SINGLE (Groundball, 6, EV 94.4 MPH)
Sean Murphy to second
Batting: RHB Marcus Semien 0-0: Called Strike
0-1: Called Strike
0-2: Ball
1-2: Foul Ball, location: 2F
1-2: Ball
2-2: Ball
3-2: Base on Balls
Sean Murphy to third
Kolten Wong to second
Batting: RHB Mookie Betts 0-0: Grounds into fielders choice 1-2 (Groundball, 13S, EV 61.9 MPH)
Kolten Wong to third
Marcus Semien to second
Batting: LHB Matt Olson 0-0: Foul Ball, location: 2F
0-1: Ball
1-1: Ball
2-1: Foul Ball, location: 2F
2-2: Strikes out swinging
Batting: RHB Carlos Correa 0-0: Ball
1-0: Called Strike
1-1: Called Strike
1-2: Strikes out looking
Top of the 9th over - 0 runs, 2 hits, 0 errors, 3 left on base; Virginia 4 - Texas 7
Sunday, June 14th, 2020 - OOTP Baseball 21.3 Build 54